 Dungeon Crawl Stone Soup version 0.29-a0-789-g7a8fcbc185 (webtiles) character file.

Game seed: 6815792270236407994

3945 bande the Cleaver (level 10, -1/61 HPs)
             Began as a Gargoyle Fighter on July 2, 2022.
             Was a Priest of Okawaru.
             Slain by an orc knight
             ... wielding a +0 war axe
              (11 damage)
             ... in a bailey.
             The game lasted 00:15:02 (9857 turns).

bande the Cleaver (Gargoyle Fighter)                Turns: 9857, Time: 00:15:02

Health: -1/61      AC: 39    Str: 21    XL:     10   Next: 21%
Magic:  13/13      EV: 14    Int:  8    God:    Okawaru [***...]
Gold:   351        SH:  6    Dex: 13    Spells: 9/9 levels left

rFire   . . .      SeeInvis .   a - +0 war axe (protect)
rCold   . . .      Faith    .   c - +0 buckler
rNeg    + . .      Spirit   .   r - +0 shadow dragon scales
rPois   ∞          Reflect  .   h - +0 helmet
rElec   +          Harm     .   s - +0 cloak
rCorr   .          Rampage  .   e - +0 pair of gloves
Will    .....                   g - +2 pair of boots {Stlth+}
Stlth   +++++.....              (no amulet)
HPRegen 0.20/turn               p - +4 ring of evasion
MPRegen 0.13/turn               (no ring)

@: heroic, under a protective aura
A: sickness immunity, AC +7, negative energy resistance 1, electricity
resistance, torment resistance 1, petrification resistance
a: Renounce Religion, Heroism


You were in a bailey.
You worshipped Okawaru.
Okawaru was most pleased with you.
You visited 2 branches of the dungeon, and saw 8 of its levels.
You also visited: Bailey.

You collected 351 gold pieces.

Inventory:

Hand Weapons
 a - a +0 war axe of protection (weapon)
 m - a +0 war axe
 n - a +3 flail of holy wrath
Missiles
 d - 2 throwing nets (quivered)
Armour
 c - a +0 buckler (worn)
 e - a +0 pair of gloves (worn)
 g - a +2 pair of boots of stealth (worn)
 h - a +0 helmet (worn)
 r - +0 shadow dragon scales (worn)
 s - a +0 cloak (worn)
Jewellery
 p - a +4 ring of evasion (left hand)
 w - an amulet of faith
Wands
 i - a wand of polymorph (14)
 t - a wand of iceblast (16)
 x - a wand of flame (23)
 z - a wand of light (13)
Scrolls
 b - 2 scrolls of enchant armour
 j - a scroll of fog
 k - a scroll of fear
 q - a scroll of amnesia
 v - a scroll of teleportation
 y - a scroll of blinking
Potions
 f - a potion of mutation {unknown}
 l - a potion of brilliance
 o - 4 potions of curing {unknown}
 u - a potion of might


   Skills:
 + Level 6.4(11.4) Fighting
 + Level 8.8(13.8) Axes
 + Level 6.6(11.6) Armour
 + Level 5.5(10.5) Shields
 * Level 5.1 Invocations
 * Level 4.5 Evocations


You had 9 spell levels left.
You didn't know any spells.
Your spell library contained the following spells:

 Spells                   Type           Power      Damage    Failure   Level
 Slow                     Hex            0%         N/A       97%         1
 Scorch                   Fire           0%         2d5       99%         2
 Static Discharge         Conj/Air       0%         3-3/arc   99%         2
 Confusing Touch          Hex            0%         N/A       100%        3
 Frozen Ramparts          Ice            0%         1d2       100%        3
 Vampiric Draining        Necr           0%         2d6       100%        3
 Flame Wave               Conj/Fire      0%         2d4       100%        4
 Fulminant Prism          Conj/Hex       0%         3d6       100%        4
 Ice Form                 Ice/Tmut       0%         N/A       100%        4
 Iskenderun's Mystic Bla  Conj/Tloc      0%         2d3       100%        4
 Lee's Rapid Deconstruct  Erth           0%         3d5*      100%        5
 Lightning Bolt           Conj/Air       0%         1d11      100%        5
 Maxwell's Capacitive Co  Air            0%         ∞         100%        8
 Animate Dead             Necr           Unusable   N/A       N/A         4
 Summon Ice Beast         Ice/Summ       Unusable   N/A       N/A         4
 Summon Cactus Giant      Summ           Unusable   N/A       N/A         6
 Haunt                    Necr/Summ      Unusable   N/A       N/A         7
 Infestation              Necr           Unusable   N/A       N/A         8

Dungeon Overview and Level Annotations

Branches:
Dungeon (7/15)             Temple (1/1) D:4          Bailey (1/1)

Altars:
Ashenzari
Cheibriados
Dithmenos
Elyvilon
Gozag
Makhleb
Nemelex Xobeh
Okawaru
Qazlal
Ru
Sif Muna
Trog
Uskayaw
Vehumet
Wu Jian
Xom
Zin
The Shining One

Shops:
D:5 (


Innate Abilities, Weirdness & Mutations

You are immune to sickness and miasma.
Your stone body is resilient. (AC +7)
You are immune to poison.
You resist negative energy. (rN+)
You are resistant to electric shocks. (rElec)
You are resistant to unholy torment.
You are immune to petrification.


Message History

You closely miss the orc knight.
The orc knight is heavily wounded.
The orc knight hits you with a +0 war axe.
You slash the orc knight!
The orc knight is severely wounded.
The orc knight misses you.
You barely miss the orc knight.
The orc knight is severely wounded.
The orc knight barely misses you.
You hit the orc knight but do no damage.
The orc knight is severely wounded.
You closely miss the orc knight.
The orc knight is severely wounded.
The orc knight hits you but does no damage.
You closely miss the orc knight.
The orc knight is severely wounded.
The orc knight hits you but does no damage.
You slash the orc knight!
The orc knight is almost dead.
The orc knight hits you with a +0 war axe!
You hit the orc knight.
The orc knight is almost dead.
The orc knight hits you with a +0 war axe!
* * * LOW HITPOINT WARNING * * *
You hit the orc knight but do no damage.
The orc knight is almost dead.
You closely miss the orc knight.
The orc knight is almost dead.
The orc knight closely misses you.
Okay, then.
You hit the orc knight but do no damage.
The orc knight is almost dead.
You block the orc knight's attack.
You closely miss the orc knight.
The orc knight is almost dead.
The orc knight hits you but does no damage.
You slash the orc knight!
The orc knight is almost dead.
The orc knight hits you with a +0 war axe!
You die...

### # ###.### #.#
###.....### ##....
##.........###......
#...........#.......
#..........)).......
#.....⌠....)#.....⌠.
#.........o.#.....o.
#.........@.#.......
###.........###......
♣ ###.#)#.....###
##....
♣###...)[###.### ##.#
##.........### ##
#...........#
)..)........#
'.....⌠.....#
'...........#


You could see an orc knight.

Vanquished Creatures
  A wyvern (D:7)
  A steam dragon (D:6)
  Menkaure (D:5)
  Edmund (D:5)
  2 ice beasts
  7 orc warriors (Bailey)
  2 black bears
  3 ogres
  A centaur (D:5)
  2 phantoms
  A kobold brigand (D:7)
  Blork the orc (D:4)
  A gnoll sergeant (D:5)
  2 bullfrogs
  2 necrophages
  3 scorpions
  3 wights (D:6)
  A jelly (D:5)
  5 howler monkeys
  Crazy Yiuf (D:5)
  3 hounds
  A bouda (D:5)
  Jessica (D:3)
  Natasha (thrice) (D:2)
  2 iguanas (D:5)
  Ijyb (D:3)
  7 orc wizards
  13 gnolls
  14 adders
  A shadow imp (D:5)
  2 white imps
  An ufetubus (D:4)
  A worm (D:3)
  2 dart slugs (D:3)
  29 orcs
  5 bats
  5 endoplasms
  4 giant cockroaches
  13 hobgoblins
  7 jackals
  3 quokkas
  2 ball pythons (D:1)
  6 frilled lizards
  21 goblins
  9 kobolds
  5 rats
202 creatures vanquished.

Vanquished Creatures (others)
  8 plants (D:6)
8 creatures vanquished.

Grand Total: 210 creatures vanquished

Notes
Turn   | Place    | Note
-------+----------+-------------------------------------------
     0 | D:1      | bande the Gargoyle Fighter began the quest for the Orb.
     0 | D:1      | Reached XP level 1. HP: 14/14 MP: 1/1
   319 | D:1      | Reached XP level 2. HP: 19/19 MP: 2/2
   585 | D:1      | Found a faded altar of an unknown god.
   686 | D:1      | Reached XP level 3. HP: 24/24 MP: 3/3
   689 | D:1      | Reached skill level 2 in Axes
  1146 | D:2      | Reached XP level 4. HP: 29/29 MP: 4/4
  1195 | D:2      | Noticed Natasha
  1205 | D:2      | Killed Natasha
  1238 | D:2      | Noticed Natasha
  1255 | D:2      | Reached skill level 3 in Axes
  1259 | D:2      | Reached XP level 5. HP: 11/33 MP: 5/5
  1266 | D:2      | Killed Natasha
  1276 | D:2      | Noticed Natasha
  1286 | D:2      | Killed Natasha
  2498 | D:3      | Reached XP level 6. HP: 39/39 MP: 6/6
  2619 | D:3      | Noticed Jessica
  2623 | D:3      | Killed Jessica
  2624 | D:3      | Reached skill level 4 in Axes
  2949 | D:3      | Noticed Ijyb
  2976 | D:3      | Killed Ijyb
  3728 | D:4      | Reached skill level 1 in Evocations
  3728 | D:4      | Reached XP level 7. HP: 5/44 MP: 7/7
  4148 | D:4      | Reached skill level 5 in Axes
  4313 | D:4      | Noticed Blork the orc
  4325 | D:4      | Killed Blork the orc
  4519 | D:4      | Found a staircase to the Ecumenical Temple.
  4526 | Temple   | Entered the Ecumenical Temple
  4644 | Temple   | Became a worshipper of Warmaster Okawaru
  4739 | D:4      | Reached skill level 1 in Invocations
  4741 | D:4      | Reached skill level 5 in Armour
  4987 | D:4      | Reached XP level 8. HP: 42/48 MP: 7/9
  5211 | D:5      | Entered Level 5 of the Dungeon
  5211 | D:5      | Found Diffol's Antique Weapon Boutique.
  5230 | D:5      | Reached skill level 5 in Fighting
  5240 | D:5      | Noticed Edmund
  5244 | D:5      | Reached skill level 6 in Axes
  5252 | D:5      | Killed Edmund
  5252 | D:5      | Reached * piety under Okawaru
  5806 | D:5      | Found a sparkling altar of Nemelex Xobeh.
  5831 | D:5      | Reached skill level 5 in Shields
  5839 | D:5      | Reached skill level 7 in Axes
  5839 | D:5      | Reached XP level 9. HP: 42/54 MP: 11/11
  6087 | D:5      | Noticed Menkaure
  6094 | D:5      | Killed Menkaure
  6094 | D:5      | Reached ** piety under Okawaru
  6518 | D:5      | Found a runed translucent door.
  6519 | D:5      | Noticed Crazy Yiuf
  6752 | D:5      | Killed Crazy Yiuf
  7392 | D:6      | Found an ornate altar of the Wu Jian Council.
  8737 | D:7      | Reached skill level 8 in Axes
  9079 | D:7      | Found a flagged portal.
  9088 | Bailey   | Entered a bailey
  9151 | Bailey   | Reached XP level 10. HP: 59/60 MP: 13/13
  9208 | Bailey   | Reached skill level 5 in Invocations
  9691 | Bailey   | Reached *** piety under Okawaru
  9794 | Bailey   | Noticed an orc knight
  9857 | Bailey   | Slain by an orc knight

Illustrated notes

Levels and vault maps discovered:
D:1:      doesnt_arrival_eight_statues, layout_loops_ring,
          ebering_ecumenical_altar_petrified
D:2:      layout_loops_cross, uniq_natasha
D:3:      kennysheep_goblin_castle, layout_basic, grunt_decor_resistance,
          grunt_ministairs_10, uniq_jessica
D:4:      layout_basic, minmay_temple_entry_mist, kennysheep_generic_room_3,
          uniq_blork_the_orc
D:5:      layout_layer_cave, nemelex_spade_bored_becter, serial_shops,
          nicolae_stop_n_shop_2, kennysheep_cross_bottleneck,
          uniq_crazy_yiuf_cottage, uniq_menkaure, uniq_edmund
D:6:      layout_layer_cave, nicolae_overflow_hidden_temple,
          serial_bayou_pond_c, chequers_serial_rivers_micro_e,
          corexii_leaking_fountain, st_stairs_8, hex_medium
D:7:      layout_gridville, mainiacjoe_overflow_catch_the_wave, enter_bailey_3
Temple:   bh_familiar_temple
Bailey:   bailey_axe_minmay_hex_keep, bailey

Skill      XL: |  1  2  3  4  5  6  7  8  9 10 |
---------------+-------------------------------+-----
Axes           | 2 3 4 5 7 8 |  8.8
Fighting       | 4 5 6 |  6.4
Armour         | 4 5 6 |  6.6
Shields        | 4 5 |  5.5
Evocations     | 1 2 3 4 |  4.5
Invocations    | 1 3 4 5 |  5.1

Action                   |  1- 3 |  4- 6 |  7- 9 | 10-12 || total
-------------------------+-------+-------+-------+-------++-------
Melee: War axe           |    69 |   227 |   368 |   119 ||   783
Invok: Heroism           |       |       |       |     1 ||     1
  Use: Scroll            |     6 |     4 |     1 |       ||    11
       Potion            |       |     2 |       |       ||     2
 Stab: Sleeping          |       |       |     6 |       ||     6
Armor: Scale mail        |    24 |       |       |       ||    24
       Chain mail        |    17 |   200 |    31 |       ||   248
       Shadow dragon sca |       |       |   287 |    52 ||   339
Dodge: Dodged            |    42 |   101 |   226 |    38 ||   407
Block: Buckler           |    13 |    61 |   112 |    22 ||   208

Table legend: (Time is in decaauts)
 A = Elapsed time spent in this place.
 B = Non-inter-level travel time spent in this place.
 C = Inter-level travel time spent in this place.
 D = Time resting spent in this place.
 E = Time spent auto-exploring this place.
 F = Levels seen in this place.
 G = Mean time per level.
                   A        B        C        D        E       F      G
               +--------+--------+--------+--------+--------+-----+--------+
         Total |  10062 |   9829 |    233 |   2245 |   5448 |   9 | 1118.0 |
       Dungeon |   9138 |   8905 |    233 |   1781 |   5268 |   7 | 1305.4 |
        Temple |    147 |    147 |      0 |      0 |    110 |   1 |  147.0 |
        Bailey |    776 |    776 |      0 |    464 |     70 |   1 |  776.0 |
               +--------+--------+--------+--------+--------+-----+--------+

Top non-repeatable levels by time:
     D:5: 1779 daAuts
     D:6: 1762 daAuts
     D:4: 1612 daAuts
     D:2: 1456 daAuts
     D:3: 1260 daAuts
     D:1: 882 daAuts
  Bailey: 776 daAuts
     D:7: 384 daAuts
  Temple: 147 daAuts
